 Dungeon Sprint DCSS version 0.27-a0-592-g0306a34022 (webtiles) character file.

Game seed: 12840512504232833678

46 sahdkjhfkaj the Shield-Bearer (level 3, -5/36 HPs)
             Began as a Troll Fighter on Mar 10, 2021.
             Was a Follower of Cheibriados.
             Slain by an orc warrior
             ... wielding a +0 flail
              (16 damage)
             ... in the Dungeon (Sprint IX: "|||||||||||||||||||||||||||||").
             The game lasted 00:00:25 (115 turns).

sahdkjhfkaj the Shield-Bearer (Troll Fighter)        Turns: 115, Time: 00:00:26

Health: -5/36      AC:  4    Str: 27    XL:     3   Next: 44%
Magic:  2/2        EV:  9    Int:  6    God:    Cheibriados [*.....]
Gold:   0          SH: 11    Dex: 17    Spells: 2/2 levels left

rFire    . . .     SeeInvis .     - Unarmed
rCold    . . .     Faith    .   b - +0 kite shield
rNeg     . . .     Spirit   .   a - +0 robe
rPois    .         Reflect  .   (helmet restricted)
rElec    .         Harm     .   (no cloak)
rCorr    .         Rampage  .   (gloves unavailable)
Will     .....     NoTele   +   (boots unavailable)
Stlth    ++........             (no amulet)
HPRegen  1.12/turn              d - +3 ring of dexterity
MPRegen  0.08/turn              e - +3 ring of dexterity

@: very slow
A: large, unfitting armour, claws 3, regeneration 1, shaggy fur 1, tough skin 1
a: Renounce Religion, Bend Time


You were in the Dungeon.
You worshipped Cheibriados.
Cheibriados was aware of your devotion.
You visited 1 branch

Inventory:

Armour
 a - a +0 robe (worn)
 b - a +0 kite shield (worn)
Jewellery
 d - a +3 ring of dexterity (right claw)
 e - a +3 ring of dexterity (left claw)
Wands
 i - a wand of iceblast (10)
Scrolls
 c - 2 scrolls of amnesia
 D - 2 scrolls of blinking
Potions
 H - a potion of haste
 I - a potion of invisibility
 J - 5 potions of curing {@q1}
 M - a potion of might
 N - 3 potions of heal wounds {@q2}
 Q - 4 potions of magic
 T - a potion of berserk rage


   Skills:
 - Level 2.4 Fighting
 - Level 2.4 Dodging
 + Level 6.3 Shields
 - Level 2.0 Unarmed Combat


You had 2 spell levels left.
You didn't know any spells.
Your spell library was empty.

Dungeon Overview and Level Annotations

Branches:
Dungeon (1/1)

Altars:
Cheibriados
Dithmenos
Elyvilon
Fedhas
Gozag
Hepliaklqana
Kikubaaqudgha
Makhleb
Nemelex Xobeh
Okawaru
Qazlal
Ru
Sif Muna
Trog
Uskayaw
Vehumet
Wu Jian
Xom
Yredelemnul
Zin
The Shining One
Beogh
Jiyva
Lugonu


Innate Abilities, Weirdness & Mutations

You are too large for most types of armour.
You have claws for hands.
Your natural rate of healing is unusually fast.
You are covered in fur. (AC +1)
You have tough skin. (AC +1)


Message History

You feel agile.
d - a +3 ring of dexterity (right claw)
You feel agile.
e - a +3 ring of dexterity (left claw)
An adder, 2 orcs, a white imp and 2 skeletons come into view.
The white imp shouts!
The orc wizard shouts!
The orc wizard points at itself and mumbles some strange words.
The orc wizard flickers and vanishes!
Deactivating autopickup; reactivate with Ctrl-A.
The orc warrior shouts!
You claw the bat skeleton!
You destroy the bat skeleton!
Cheibriados thoroughly appreciates the change of pace.
Your Shields skill increases to level 6!
The white imp gestures at you. The puff of frost hits you!
There is an open door to the Dungeon here.
You barely miss the white imp. You claw the white imp!
The white imp is almost dead.
The white imp hits you. The white imp freezes you.
You closely miss the white imp.
The white imp is severely wounded.
You scratch the white imp.
You kill the white imp!
Cheibriados appreciates the change of pace.
Cheibriados is now slowing the effects of poison on you.
Cheibriados raises the support of your attributes as your movement slows.
You closely miss the orc warrior.
The orc warrior hits you with a +0 flail!!
Ouch! That really hurt!
* * * LOW HITPOINT WARNING * * *
You closely miss the orc warrior. You closely miss the orc warrior.
You scratch the orc warrior but do no damage.
You barely miss the orc warrior.
You scratch the orc warrior but do no damage.
You completely miss the orc warrior.
The orc warrior hits you with a +0 flail!
You die... ▓▓▓▓▓▓▓▓▓▓▓▓▓▓▓▓▓▓▓▓▓▓▓▓ ______'..).[[[..@oS{Z..+ ▓▓▓▓▓▓▓▓▓▓▓▓▓▓▓▓▓▓▓▓▓▓▓▓

You could see an orc warrior, an adder and a leopard gecko skeleton.

Vanquished Creatures
  A worker ant (D)
  A white imp (D)
  An ooze (D)
  A leopard gecko (D)
  2 bat skeletons (D)
  A giant cockroach (D)
  A goblin (D)
  A hobgoblin (D)
  A kobold (D)
  A jackal skeleton (D)
  A quokka zombie (D)
12 creatures vanquished.

Notes
Turn   | Place    | Note
-------+----------+-------------------------------------------
     0 | D        | sahdkjhfkaj the Troll Fighter began the quest for the Orb.
     0 | D        | Reached XP level 1. HP: 22/22 MP: 0/0
     7 | D        | Reached skill level 3 in Shields
    17 | D        | Reached skill level 4 in Shields
    17 | D        | Reached XP level 2. HP: 29/29 MP: 1/1
    32 | D        | Reached skill level 5 in Shields
    32 | D        | Reached XP level 3. HP: 34/36 MP: 2/2
    51 | D        | Found a snail-covered altar of Cheibriados.
    51 | D        | Found a shadowy altar of Dithmenos.
    51 | D        | Found a white marble altar of Elyvilon.
    51 | D        | Found a blossoming altar of Fedhas.
    51 | D        | Found an opulent altar of Gozag.
    52 | D        | Found a hazy altar of Hepliaklqana.
    53 | D        | Found a viscous altar of Jiyva.
    54 | D        | Found an ancient bone altar of Kikubaaqudgha.
    55 | D        | Found a corrupted altar of Lugonu.
    56 | D        | Found a burning altar of Makhleb.
    57 | D        | Found a sparkling altar of Nemelex Xobeh.
    61 | D        | Became a worshipper of Cheibriados the Contemplative
    65 | D        | Found an iron altar of Okawaru.
    66 | D        | Found a stormy altar of Qazlal.
    67 | D        | Found a sacrificial altar of Ru.
    68 | D        | Found a shimmering blue altar of Sif Muna.
    69 | D        | Found a bloodstained altar of Trog.
    70 | D        | Found a hide-covered altar of Uskayaw.
    71 | D        | Found a radiant altar of Vehumet.
    72 | D        | Found an ornate altar of the Wu Jian Council.
    73 | D        | Found a shimmering altar of Xom.
    74 | D        | Found a basalt altar of Yredelemnul.
    75 | D        | Found a glowing silver altar of Zin.
    76 | D        | Found a glowing golden altar of the Shining One.
   102 | D        | Noticed an orc warrior
   104 | D        | Reached skill level 6 in Shields
   108 | D        | Reached * piety under Cheibriados
   115 | D        | Slain by an orc warrior

Illustrated notes

Levels and vault maps discovered:
D:        linesprint [early_d, line_temple, items_1, d_10, items_2, lair_1,
          lair_end, items_3, orc_1, orc_end, items_4, d_15, swamp_1, shoals_1,
          snake_1, spider_1, d_20, vaults_1, items_5, swamp_end, shoals_end,
          snake_end, spider_end, vaults_end, d_27, items_6, zot_1, zot_end,
          crypt_end, forest_end, elf_end, slime_end, tomb_end, abyss_end,
          pan_hell_end]

Skill      XL: |  1  2  3 |
---------------+----------+-----
Shields        | 4 5 6 |  6.3
Fighting       | |  2.4
Dodging        | |  2.4
Unarmed Combat | |  2.0

Action                   || total
-------------------------++-------
Melee: Unarmed           ||    40
Armor: Robe              ||     5
Dodge: Dodged            ||     6
Block: Kite shield       ||    14

Table legend: (Time is in decaauts)
 A = Elapsed time spent in this place.
 B = Non-inter-level travel time spent in this place.
 C = Inter-level travel time spent in this place.
 D = Time resting spent in this place.
 E = Time spent auto-exploring this place.
 F = Levels seen in this place.
 G = Mean time per level.
                   A        B        C        D        E       F      G
               +--------+--------+--------+--------+--------+-----+--------+
         Total |    126 |    126 |      0 |      6 |      0 |   1 |  126.0 |
       Dungeon |    126 |    126 |      0 |      6 |      0 |   1 |  126.0 |
               +--------+--------+--------+--------+--------+-----+--------+

Top non-repeatable levels by time:
       D: 126 daAuts
